 Dungeon Crawl Stone Soup version 0.31-a0-702-gf82c85558f (webtiles) character file.

Game seed: 10165341577025681244

44 qw the Shooter (level 3, -4/22 HPs)
             Began as a Gargoyle Hunter on Sept 7, 2023.
             Slain by a goblin
             ... wielding a +0 club
             ... led by Robin
              (6 damage)
             ... on level 2 of the Dungeon.
             The game lasted 00:00:20 (576 turns).

qw the Shooter (Gargoyle Hunter)                     Turns: 576, Time: 00:00:21

Health: -4/22      AC:  8    Str: 14    XL:     3   Next: 62%
Magic:  3/3        EV: 10    Int:  9    God:
Gold:   55         SH:  0    Dex: 15    Spells: 2/2 levels left

rFire   . . .        Y - +1 shortbow
rCold   . . .        (shield currently unavailable)
rNeg    + . .        f - +0 ring mail
rPois   inf          (no helmet)
rElec   +            (no cloak)
rCorr   .            (no gloves)
SInv    .            (no boots)
Will    .....        (no amulet)
Stlth   +            (no ring)
HPRegen 0.23/turn    (no ring)
MPRegen 0.08/turn

%: no passive effects
@: no status effects
A: sickness immunity, AC +3, negative energy resistance 1, electricity
resistance, torment resistance 1, petrification resistance
a: no special abilities


You were on level 2 of the Dungeon.
You visited 1 branch of the dungeon, and saw 2 of its levels.

You collected 55 gold pieces.


Innate Abilities, Weirdness & Mutations

You are immune to sickness and miasma.
Your stone body is resilient. (AC +3)
You are immune to poison.
You resist negative energy. (rN+)
You are resistant to electric shocks. (rElec)
You are resistant to unholy torment.
You are immune to petrification.


   Skills:
 + Level 2.4 Fighting
 - Level 5.0 Ranged Weapons
 - Level 1.0 Armour
 - Level 1.5 Dodging
 - Level 1.1 Stealth


You had 2 spell levels left.
You didn't know any spells.
Your spell library was empty.

Inventory:

Hand Weapons
 Y - a +1 shortbow (weapon)
Armour
 f - a +0 ring mail (worn)
Scrolls
 a - 2 scrolls of identify
Potions
 d - a potion of mutation {unknown}
 i - a potion of lignification {unknown}

Dungeon Overview and Level Annotations

Branches:
Dungeon (2/15)

Altars:

Shops:
D:1 *

Annotations:
D:2 Robin


Message History

The sling bullet hits you but does no damage.
You shoot an arrow. The arrow hits the worm.
The worm is moderately wounded.
The goblin shoots a sling bullet.
The sling bullet barely misses you.
A goblin comes into view. It is wielding a +0 dagger.
The goblin shouts!
You shoot an arrow. The arrow completely misses the worm.
The worm misses you. Robin throws the goblin at you!
The goblin unwields a +0 sling.
The goblin wields a +0 dagger.
The goblin hits you with a +0 dagger.
You shoot an arrow. The arrow hits the worm.
The worm is heavily wounded.
Robin throws the goblin at you!
The goblin hits you but does no damage. x2
The worm barely misses you. The goblin barely misses you.
You shoot an arrow. The arrow hits the worm.
The worm is heavily wounded.
The goblin hits you but does no damage. The goblin barely misses you.
The goblin hits you with a +0 dagger.
You shoot an arrow. The arrow hits the worm.
The worm is severely wounded.
The goblin hits you but does no damage. The goblin completely misses you.
The worm closely misses you. The goblin hits you with a +0 dagger.
You shoot an arrow. The arrow hits the worm.
The worm is severely wounded.
Robin says, "Duck!"
The goblin barely misses you. The goblin hits you with a +0 dagger.
The goblin hits you but does no damage. The worm closely misses you.
The goblin barely misses you. The goblin hits you but does no damage.
You shoot an arrow. The arrow hits the worm!
You kill the worm!
The goblin barely misses you.
Robin says, "My goblins will feast on your bones."
The goblin hits you with a +0 dagger. The goblin barely misses you.
The goblin hits you but does no damage.
You shoot an arrow. The arrow hits Robin.
Robin is moderately wounded.
The goblin no longer looks unusually strong.
The goblin hits you but does no damage. Robin barely misses you.
The goblin hits you but does no damage. The goblin hits you with a +0 club.
You die...

......# ######<.#...# .
.....$.....#
..##.......[..#
............#
#..........#
####..g%g.....#
......g@# ...##..gg#
#..)...)## ############
#.#..##).###..........#
#. ##..............# #
#####..........#
#...%......#
#..........#
#......../.#


You could see Robin and 4 goblins.

Vanquished Creatures
  A worm (D:2)
  3 ball pythons
  3 bats
  2 endoplasms (D:1)
  2 giant cockroaches (D:1)
  6 goblins
  7 hobgoblins
  3 quokkas
  2 frilled lizards (D:1)
  A kobold (D:2)
  6 rats
36 creatures vanquished.

Notes
Turn   | Place    | Note
-------+----------+-------------------------------------------
     0 | D:1      | qw the Gargoyle Hunter began the quest for the Orb.
     0 | D:1      | Reached XP level 1. HP: 12/12 MP: 1/1
     0 | D:1      | 0 ||| qw: Version: 0.3-a-76-g4403597
     0 | D:1      | 0 ||| qw: Game counter: 876
     0 | D:1      | 0 ||| qw: Melee chars always use a shield: true
     0 | D:1      | 0 ||| qw: God list: Okawaru
     0 | D:1      | 0 ||| qw: Allow faded altars: false
     0 | D:1      | 0 ||| qw: Do Orc after clearing Dungeon:15 true
     0 | D:1      | 0 ||| qw: Do second Lair branch before Depths: true
     0 | D:1      | 0 ||| qw: Lair rune preference: random
     0 | D:1      | 0 ||| qw: Goals: Normal
     0 | D:1      | 0 ||| PLANNING D:1-11
    27 | D:1      | Found Mewkonar's General Store.
    39 | D:1      | 39 ||| SHOPLISTING potion of mutation (88 gold, have 0).
   122 | D:1      | Reached XP level 2. HP: 14/17 MP: 2/2
   430 | D:1      | Found a faded altar of an unknown god.
   436 | D:1      | Reached XP level 3. HP: 21/21 MP: 3/3
   440 | D:1      | 440 ||| UPGRADING to +0 ring mail.
   450 | D:1      | 450 ||| DROPPING +0 leather armour.
   451 | D:1      | 451 ||| DROPPING ring of wizardry.
   452 | D:1      | 452 ||| READING 2 scrolls labelled PAUCHA KODEYS.
   453 | D:1      | 453 ||| READING scroll labelled CARACEMYMI.
   454 | D:1      | 454 ||| DROPPING scroll of butterflies.
   549 | D:2      | Reached skill level 1 in Armour
   555 | D:2      | Reached skill level 5 in Ranged Weapons
   564 | D:2      | Noticed Robin
   574 | D:2      | HP: 5/22 [goblin/+0 dagger[Robin] (2)]
   575 | D:2      | HP: 2/22 [goblin/+0 dagger[Robin] (4)]
   576 | D:2      | Slain by a goblin

Levels and vault maps discovered:
D:1:      minmay_arrival_solitary_statue, layout_rooms,
          shapermc_ecumenical_altar_petra, serial_shops, nicolae_square_shop,
          amcnicky_mini_corridor_feature
D:2:      layout_rooms, serial_shops, nicolae_shop_stone, uniq_robin

Skill      XL: |  1  2  3 |
---------------+----------+-----
Armour         | 1 |  1.0
Ranged Weapons | 5 |  5.0
Fighting       | |  2.4
Dodging        | |  1.5
Stealth        | |  1.1

Action                     || total
---------------------------++-------
   Fire: Shortbow          ||    87
    Use: Scroll            ||     2
 Armour: Leather armour    ||     8
         Ring mail         ||    24
  Dodge: Dodged            ||    33

Table legend:
 A = Non-vault XP
 B = Vault XP
 C = Vault XP percentage of total XP
 D = Non-vault monster count
 E = Vault monster count
 F = Vault count percentage of total count
                 A         B        C        D         E       F
            +---------+---------+-------+---------+---------+-------
      Total |      52 |      12 |  18.8 |      30 |       6 |  16.7
            +---------+---------+-------+---------+---------+-------
        D:1 |      35 |       0 |   0.0 |      21 |       0 |   0.0
        D:2 |      17 |      12 |  41.4 |       9 |       6 |  40.0
            +---------+---------+-------+---------+---------+-------
